 Dungeon Crawl Stone Soup version 0.30.0-10-gfe55d96785 (webtiles) character file.

Game seed: 31341249170578606

66141 AlmostDecent the Marksgargoyle (level 15, -8/104 HPs)
             Began as a Gargoyle Hunter on May 13, 2023.
             Was an Initiate of Gozag.
             Killed by divine providence
             ... invoked by a meliai
              (14 damage)
             ... on level 14 of the Dungeon on May 14, 2023.
             The game lasted 01:03:40 (18616 turns).

AlmostDecent the Marksgargoyle (Gargoyle Hunter)   Turns: 18616, Time: 01:03:41

Health: -8/104     AC: 28    Str: 20    XL:     15   Next: 18%
Magic:  15/15      EV: 14    Int: 10    God:    Gozag
Gold:   1204       SH:  0    Dex: 19    Spells: 14/14 levels left

rFire   . . .        W - +3 longbow (flame)
rCold   x . .        (shield currently unavailable)
rNeg    + + .        w - +1 scale mail of Wipt {Will+ Regen+}
rPois   ∞            (no helmet)
rElec   +            H - +2 cloak {Stlth+}
rCorr   .            A - +2 pair of gloves {infuse}
SInv    +            j - +0 pair of boots
Will    ++...        J - amulet of Vitality {RegenMP++ Regen++}
Stlth   +++          V - ring "Hunwo" {rC- rN+ Str+4 SInv}
HPRegen 2.77/turn    C - +4 ring of slaying
MPRegen 0.94/turn

%: infuse magic (1 MP)
@: flying, hasted, very quick
A: sickness immunity, AC +11, big wings, negative energy resistance 1,
electricity resistance, torment resistance 1, petrification resistance
a: Renounce Religion, Potion Petition, Call Merchant, Bribe Branch


You were on level 14 of the Dungeon.
You worshipped Gozag.
Gozag was most pleased with you.
You visited 3 branches of the dungeon, and saw 20 of its levels.
You also visited: Ice Cave and Volcano.

You collected 5737 gold pieces.
You spent 1918 gold pieces at shops.
You paid 2615 gold pieces to Gozag.

Inventory:

Hand Weapons
 a - a +1 shortbow of draining
 W - a +3 longbow of flaming (weapon)
Missiles
 L - 2 throwing nets
Armour
 j - a +0 pair of boots (worn)
 s - a +0 leather armour of willpower
 w - the +1 scale mail of Wipt (worn) {Will+ Regen+}
   (You bought it in a shop on level 13 of the Dungeon)

   Regen:     It increases your rate of health regeneration.
   Will:      It increases your willpower.
 A - a +2 pair of gloves of infusion (worn)
 H - a +2 cloak of stealth (worn)
 Z - a +2 cloak of cold resistance
Jewellery
 f - a ring of wizardry
 k - a ring of protection from fire
 q - a ring of protection from cold
 r - a +4 ring of protection
 t - an amulet of guardian spirit
 C - a +4 ring of slaying (right hand)
 D - an amulet of reflection
 I - a +6 ring of intelligence
 J - the amulet of Vitality (around neck) {RegenMP++ Regen++}
   (You bought it in a shop on level 8 of the Dungeon)

   [amulet of magic regeneration]

   It increases your rate of magic regeneration.
   Regen:     It increases your rate of health regeneration.
 N - a ring of resist corrosion
 V - the ring "Hunwo" (left hand) {rC- rN+ Str+4 SInv}
   (You found it on level 4 of the Lair of Beasts)

   [ring of see invisible]

   Str:       It affects your strength (+4).
   rC:        It makes you vulnerable to cold.
   rN:        It protects you from negative energy.
   SInv:      It lets you see invisible.
Wands
 g - a wand of light (5)
 i - a wand of paralysis (12)
 p - a wand of flame (58)
 z - a wand of digging (12)
 F - a wand of polymorph (6)
 K - a wand of mindburst (8)
 Y - a wand of iceblast (2)
Scrolls
 b - 4 scrolls of immolation
 d - 2 scrolls of teleportation
 e - 4 scrolls of poison
 m - a scroll of fear
 n - 3 scrolls of fog
 y - 3 scrolls of identify
 E - a scroll of brand weapon
 G - 4 scrolls of amnesia
 M - a scroll of enchant weapon
 X - a scroll of enchant armour
Potions
 c - 4 potions of lignification
 h - a potion of berserk rage
 l - 5 potions of curing
 o - a potion of cancellation
 u - 3 potions of might
 x - 4 potions of flight
 B - 10 potions of ambrosia
 P - 3 potions of mutation
 R - 2 potions of magic
 T - a potion of brilliance
 U - a potion of resistance
Miscellaneous
 Q - a phantom mirror
 S - a phial of floods


   Skills:
 * Level 16.1 Fighting
 + Level 18.5 Ranged Weapons
 * Level 8.3 Armour
 + Level 6.9 Dodging
 * Level 7.1 Stealth


You had 14 spell levels left.
You didn't know any spells.
Your spell library contained the following spells:

 Spells                   Type           Power      Damage    Failure   Level
 Kiss of Death            Conj/Necr      0%         2d5       67%         1
 Magic Dart               Conj           0%         1d3       67%         1
 Slow                     Hex            0%         N/A       67%         1
 Blink                    Tloc           0%         N/A       80%         2
 Call Imp                 Summ           0%         N/A       80%         2
 Lesser Beckoning         Tloc           0%         N/A       80%         2
 Momentum Strike          Conj/Tloc      0%         3d8       80%         2
 Poisonous Vapours        Pois/Air       0%         N/A       80%         2
 Searing Ray              Conj           0%         2d4       80%         2
 Static Discharge         Conj/Air       0%         2-2/arc   80%         2
 Wereblood                Tmut           0%         N/A       80%         2
 Confusing Touch          Hex            0%         N/A       95%         3
 Dazzling Flash           Conj/Hex       0%         N/A       95%         3
 Hailstorm                Conj/Ice       0%         3d3       95%         3
 Ignite Poison            Fire/Tmut/Pois 0%         N/A       95%         3
 Mephitic Cloud           Conj/Pois/Air  0%         N/A       95%         3
 Ozocubu's Armour         Ice            0%         N/A       95%         3
 Portal Projectile        Hex/Tloc       0%         N/A       95%         3
 Stone Arrow              Conj/Erth      0%         3d7       95%         3
 Tukima's Dance           Hex            0%         N/A       95%         3
 Vampiric Draining        Necr           0%         2d6       95%         3
 Volatile Blastmotes      Fire/Tloc      0%         2d10      95%         3
 Airstrike                Air            0%         2d(0-16)  100%        4
 Animate Armour           Summ/Erth      0%         N/A       100%        4
 Dispel Undead            Necr           0%         3d6       100%        4
 Fulminant Prism          Conj/Hex       0%         3d5       100%        4
 Ice Form                 Ice/Tmut       0%         N/A       100%        4
 Iskenderun's Mystic Bla  Conj/Tloc      0%         2d3       100%        4
 Manifold Assault         Tloc           0%         N/A       100%        4
 Passage of Golubria      Tloc           0%         N/A       100%        4
 Summon Lightning Spire   Summ/Air       0%         N/A       100%        4
 Blade Hands              Tmut           0%         N/A       100%        5
 Freezing Cloud           Conj/Ice/Air   0%         6-21      100%        5
 Summon Forest            Summ/Tloc      0%         N/A       100%        5
 Summon Mana Viper        Hex/Summ       0%         N/A       100%        5
 Yara's Violent Unravell  Hex/Tmut       0%         3d3       100%        5
 Starburst                Conj/Fire      0%         6d3       100%        6
 Summon Cactus Giant      Summ           0%         N/A       100%        6
 Ozocubu's Refrigeration  Ice            0%         4d7       100%        7
 Storm Form               Tmut/Air       0%         N/A       100%        7
 Summon Hydra             Summ           0%         N/A       100%        7
 Lehudib's Crystal Spear  Conj/Erth      0%         10d2      100%        8
 Cigotuvi's Dreadful Rot  Necr/Pois/Air  Unusable   N/A       N/A         2
 Sublimation of Blood     Necr           Unusable   N/A       N/A         2
 Simulacrum               Ice/Necr       Unusable   N/A       N/A         6

Dungeon Overview and Level Annotations

Branches:
Dungeon (14/15)            Temple (1/1) D:5            Lair (5/5) D:9
  Swamp (0/4) Lair:3        Snake (0/4) Lair:2        Slime (0/5) Lair:4
    Orc (0/2) D:9          Vaults (0/5) D:13          IceCv (visited)
Volcano (visited)

Altars:
Ashenzari
Cheibriados
Dithmenos
Elyvilon
Fedhas
Gozag
Hepliaklqana
Kikubaaqudgha
Makhleb
Nemelex Xobeh
Okawaru
Qazlal
Ru
Sif Muna
Trog
Uskayaw
Vehumet
Wu Jian
Xom
Yredelemnul
Zin
The Shining One
Jiyva

Shops:
D:4 **   D:5 :   D:8 =   D:13 [[


Innate Abilities, Weirdness & Mutations

You are immune to sickness and miasma.
Your stone body is resilient. (AC +11)
You are immune to poison.
Your large and strong wings let you fly.
You resist negative energy. (rN+)
You are resistant to electric shocks. (rElec)
You are resistant to unholy torment.
You are immune to petrification.


Message History

The howler monkey howls!
You hear an angry buzzing noise.
You hear a roar!
The killer bee is no longer distracted by gold.
The meliai mumbles some strange prayers to its god against you.
Something smites you!
* * * LOW HITPOINT WARNING * * *
The meliai closely misses you.
The meliai stings you but does no damage.
The meliai barely misses you. The meliai closely misses you.
The killer bee buzzes angrily. x2
You feel much better. The killer bee barely misses you.
The meliai closely misses you.
The meliai stings you but does no damage.
The killer bee stings you. The meliai hits you with a +0 hand axe.
The meliai barely misses you.
The meliai mumbles some strange prayers to its god against you.
Something smites you! The meliai hits you with a +0 hand axe!
* * * LOW HITPOINT WARNING * * *
The meliai stings you but does no damage.
The killer bee buzzes angrily.
You feel yourself speed up. The killer bee barely misses you.
The meliai hits you with a +0 hand axe!
* * * LOW HITPOINT WARNING * * *
The meliai barely misses you. x2; The meliai stings you.
* * * LOW HITPOINT WARNING * * *
The meliai invokes the aid of its god against you.
Something smites you!
* * * LOW HITPOINT WARNING * * *
The killer bee closely misses you.
The killer bee stings you but does no damage.
The killer bee stings you.
* * * LOW HITPOINT WARNING * * *
The meliai hits you with a +0 hand axe.
* * * LOW HITPOINT WARNING * * *
The meliai stings you but does no damage.
The killer bee barely misses you.
The meliai invokes the aid of its god against you.
Something smites you!
You die...
Your body crumbles into a pile of gold.

. #............. #.
#.....$$.#.#... ..#
#.#.)D$#$$.#.#.... #u#
#$..#.#...#.#.... ..# $
#.#..........?.... #u#
..###.......#.#... ##u# ..
##.y#..h#.......#.#
#.#....yy##..<###.###
#.#.#..y@....$..u<..#
.#..#)yyyy....#.!u.......
.#.#.#y...###:....u..####.
.y#.#........u...####.# .R
.#.........u.... .#
.#.#.##......... .# # #.
.../##.##. # . ##...##'##.


You could see an acid dragon, 3 meliai, a howler monkey and 6 killer bees.

Vanquished Creatures
  Gastronok (D:12)
  Nessos (Lair:4)
  3 hydras
  A vault guard (D:13)
  7 boulder beetles
  3 centaur warriors
  5 two-headed ogres
  Sonja (Lair:1)
  4 ugly things
  2 manticores (D:11)
  4 cyclopes
  9 elephants
  7 black mambas
  2 torpor snails
  11 cane toads
  2 gargoyles
  A kobold demonologist (D:10)
  2 ice devils (Lair:4)
  4 unseen horrors
  An anaconda simulacrum (IceCv)
  9 komodo dragons
  3 meliai (D:12)
  A queen bee (D:12)
  3 trolls
  6 hornets
  7 polar bears
  12 blink frogs
  5 dream sheep
  7 slime creatures
  A shadow (D:9)
  5 wraiths
  69 yaks
  15 spriggans (Lair:5)
  A vampire (D:11)
  A fire bat (Volcano)
  Eustachio (D:5)
  9 wyverns
  4 basilisks
  A steam dragon (D:7)
  6 vampire mosquitoes
  4 nagas (Lair:2)
  Duvessa (D:5)
  7 water moccasins
  5 ice beasts
  4 black bears
  3 orc warriors
  4 boggarts (Lair:5)
  2 ogres
  25 wolves
  10 centaurs
  A phantom (D:6)
  A kobold brigand (D:6)
  3 gnoll sergeants
  6 bullfrogs
  3 scorpions
  2 cane toad simulacra (IceCv)
  6 wights (D:8)
  Dowan (D:5)
  30 killer bees
  6 howler monkeys
  6 electric eels
  6 jellies
  4 lava snakes (Volcano)
  A crimson imp (D:9)
  2 hounds
  8 orc priests
  3 iguanas
  9 orc wizards
  Terence (D:2)
  4 hell rats (Lair:5)
  A polar bear simulacrum (IceCv)
  A wolf simulacrum (IceCv)
  10 gnolls
  8 adders
  A shadow imp (D:6)
  2 ufetubi
  2 worms
  A dart slug (D:2)
  44 orcs
  9 endoplasms
  2 giant cockroaches (D:3)
  4 hobgoblins
  2 jackals (D:4)
  2 quokkas
  5 ball pythons
  3 bats
  2 frilled lizards (D:2)
  3 goblins
  12 kobolds
  4 rats
523 creatures vanquished.

Vanquished Creatures (others)
  A killer bee (D:14)
  An orc wizard (D:13)
2 creatures vanquished.

Grand Total: 525 creatures vanquished

Notes
Turn   | Place    | Note
-------+----------+-------------------------------------------
     0 | D:1      | AlmostDecent the Gargoyle Hunter began the quest for the
                  | Orb.
     0 | D:1      | Reached XP level 1. HP: 12/12 MP: 1/1
   148 | D:1      | Reached XP level 2. HP: 17/17 MP: 2/2
   541 | D:2      | Reached XP level 3. HP: 21/21 MP: 3/3
   796 | D:2      | Reached skill level 5 in Ranged Weapons
   861 | D:2      | Reached XP level 4. HP: 27/27 MP: 4/4
   870 | D:2      | Noticed Terence
   887 | D:2      | Killed Terence
  1221 | D:3      | Noticed a black bear
  1228 | D:3      | Killed a black bear
  1229 | D:3      | Reached skill level 6 in Ranged Weapons
  1229 | D:3      | Reached skill level 1 in Armour
  1229 | D:3      | Reached XP level 5. HP: 32/32 MP: 5/5
  1281 | D:3      | Found an ornate altar of the Wu Jian Council.
  1778 | D:3      | Found a white marble altar of Elyvilon.
  2089 | D:4      | Reached XP level 6. HP: 37/37 MP: 6/6
  2472 | D:4      | Found Puschir's General Store.
  2473 | D:4      | Found Canezami's Specific Store.
  2482 | D:4      | Bought a scroll of teleportation for 30 gold pieces
  2593 | D:4      | Reached skill level 7 in Ranged Weapons
  2753 | D:5      | Entered Level 5 of the Dungeon
  2910 | D:5      | Reached XP level 7. HP: 28/41 MP: 5/7
  2966 | D:5      | Found a transporter.
  2968 | D:5      | Found Kairizonad's Book Shoppe.
  2996 | D:5      | Noticed Eustachio
  3007 | D:5      | Killed Eustachio
  3072 | D:5      | Noticed Dowan
  3075 | D:5      | Noticed Duvessa
  3301 | D:5      | Found a staircase to the Ecumenical Temple.
  3310 | Temple   | Entered the Ecumenical Temple
  3365 | Temple   | Became a worshipper of Gozag Ym Sagoz the Greedy
  3496 | D:5      | Killed Dowan
  3497 | D:5      | Reached skill level 8 in Ranged Weapons
  3630 | D:5      | Reached XP level 8. HP: 48/48 MP: 8/8
  3649 | D:5      | Killed Duvessa
  4046 | D:5      | Reached skill level 9 in Ranged Weapons
  4122 | D:5      | Found a transporter.
  4849 | D:6      | Found a basalt altar of Yredelemnul.
  5081 | D:6      | Reached skill level 5 in Fighting
  5147 | D:6      | Reached skill level 10 in Ranged Weapons
  5188 | D:6      | Reached XP level 9. HP: 29/54 MP: 5/9
  5768 | D:6      | Found a hide-covered altar of Uskayaw.
  5931 | D:7      | Reached skill level 11 in Ranged Weapons
  6174 | D:7      | Found a broken altar of Ashenzari.
  6544 | D:8      | Noticed a troll
  6559 | D:8      | Killed a troll
  6679 | D:8      | Reached skill level 12 in Ranged Weapons
  6702 | D:8      | Reached XP level 10. HP: 61/61 MP: 10/10
  7745 | D:9      | Noticed a two-headed ogre
  7752 | D:9      | Killed a two-headed ogre
  7753 | D:9      | Reached skill level 13 in Ranged Weapons
  7754 | D:9      | Found a staircase to the Lair.
  7784 | D:9      | Found a staircase to the Orcish Mines.
  7801 | D:9      | Found a glowing silver altar of Zin.
  7979 | D:9      | Found a shimmering blue altar of Sif Muna.
  7982 | D:9      | Found a stormy altar of Qazlal.
  7984 | D:9      | Found an iron altar of Okawaru.
  8079 | D:9      | Found a radiant altar of Vehumet.
  8080 | D:9      | Found a burning altar of Makhleb.
  8317 | D:10     | Entered Level 10 of the Dungeon
  8345 | D:10     | Reached XP level 11. HP: 69/69 MP: 11/11
  8710 | D:10     | Noticed a sun demon
  8714 | D:10     | Noticed a sun demon
  8716 | D:10     | Noticed a sun demon
  8915 | D:10     | Reached skill level 14 in Ranged Weapons
  8974 | D:10     | Noticed a two-headed ogre
  8979 | D:10     | Killed a two-headed ogre
  9676 | D:11     | Noticed a manticore
  9690 | D:11     | Killed a manticore
  9693 | D:11     | Noticed a red ugly thing
  9703 | D:11     | Killed a red ugly thing
  9740 | D:11     | Noticed a two-headed ogre
  9750 | D:11     | Killed a two-headed ogre
  9789 | D:11     | Reached skill level 15 in Ranged Weapons
 10220 | D:11     | Found a blossoming altar of Fedhas.
 10221 | D:11     | You fall into a shaft and drop 2 floors!
 10252 | D:12     | Noticed Gastronok
 10278 | D:12     | Killed Gastronok
 10279 | D:12     | Reached skill level 10 in Fighting
 10279 | D:12     | Reached XP level 12. HP: 77/77 MP: 12/12
 10585 | D:12     | Identified the +0 scale mail "Urrull" {+Blink rPois rC-
                  | Will+++}
 10680 | D:12     | Reached skill level 5 in Dodging
 10874 | D:12     | Noticed a two-headed ogre
 10884 | D:12     | Killed a two-headed ogre
 10885 | D:12     | Reached skill level 16 in Ranged Weapons
 10941 | D:12     | Noticed a boulder beetle
 10970 | D:12     | Killed a boulder beetle
 11535 | D:12     | Noticed a two-headed ogre
 11541 | D:12     | Killed a two-headed ogre
 11996 | D:13     | Noticed a centaur warrior
 12008 | D:13     | Killed a centaur warrior
 12009 | D:13     | Reached XP level 13. HP: 54/85 MP: 8/13
 12177 | D:13     | Found a gate to the Vaults.
 12177 | D:13     | Noticed a vault guard
 12177 | D:13     | Noticed a vault guard
 12177 | D:13     | Noticed a vault guard
 12177 | D:13     | Noticed a vault guard
 12393 | D:10     | Reached skill level 17 in Ranged Weapons
 12445 | Lair:1   | Entered Level 1 of the Lair of Beasts
 12479 | Lair:1   | Reached skill level 5 in Armour
 12542 | D:8      | Bought the amulet of Vitality {RegenMP++ Regen++} for 1500
                  | gold pieces
 12542 | D:8      | Found the amulet of Vitality {RegenMP++ Regen++}
 13030 | Lair:1   | Noticed Sonja
 13042 | Lair:1   | Killed Sonja
 13379 | Lair:2   | Found a staircase to the Snake Pit.
 14601 | Lair:3   | Found a staircase to the Swamp.
 15172 | Lair:3   | Gained mutation: Your large and strong wings let you fly.
                  | [Gargoyle growth]
 15172 | Lair:3   | Reached XP level 14. HP: 79/95 MP: 14/14
 15706 | Lair:4   | Found a shimmering altar of Xom.
 15854 | Lair:4   | Identified the ring "Hunwo" {rC- rN+ Str+4 SInv}
 15882 | Lair:4   | Found a viscous altar of Jiyva.
 15882 | Lair:4   | Found a staircase to the Slime Pits.
 15945 | Lair:4   | Noticed Nessos
 15960 | Lair:4   | Killed Nessos
 16202 | Lair:4   | Reached skill level 5 in Stealth
 16202 | Lair:4   | Found a frozen archway.
 16215 | IceCv    | Entered an ice cave
 16242 | IceCv    | Found a transporter.
 16270 | IceCv    | Found a transporter.
 16658 | Lair:5   | Entered Level 5 of the Lair of Beasts
 16848 | Lair:5   | Reached skill level 18 in Ranged Weapons
 17124 | Lair:5   | Reached skill level 15 in Fighting
 17303 | Lair:5   | Found a dark tunnel.
 17312 | Volcano  | Entered a volcano
 17869 | Lair:5   | Reached XP level 15. HP: 104/104 MP: 15/15
 18425 | D:13     | Bought the +1 scale mail of Wipt {Will+ Regen+} for 388
                  | gold pieces
 18616 | D:14     | Killed from afar by a meliai

Illustrated notes

Levels and vault maps discovered:
D:1:      shiori_arrival_elements, layout_rooms, item_on_display_a
D:2:      layout_loops_cross, uniq_terence
D:3:      layout_loops_corners, nzn_wu_jian_contemplation,
          nicolae_overflow_crystal_walls, minivault_14,
          nicolae_elevator_lobby_plus
D:4:      layout_loops_ring, nicolae_specific_store
D:5:      layout_gridville, minmay_temple_entry_stoned_glass, serial_shops,
          nicolae_shop_drivethru, bh_walls_and_bars, uniq_eustachio,
          uniq_duvessa
D:6:      layout_loops_corners, lemuel_doored_altar, kennysheep_mini,
          kennysheep_donut, lightli_orcish_oven
D:7:      layout_loops_cross, mainiacjoe_overflow_alcove_2, hex_large,
          fountainhead, nrook_loot_triangle, kennysheep_generic_room_16
D:8:      layout_rooms, serial_bayou, serial_bayou_pond_e, serial_bayou_pond_d,
          serial_bayou_shore_b, serial_bayou_pond_e, grunt_ministairs_14
D:9:      layout_irregular_city, grunt_temple_overflow_lords_of_destruction,
          mainiacjoe_overflow_six_doors_small, nicolae_overflow_hidden_temple,
          lair_entry_dummy, orc_0_dummy, kennysheep_generic_room_5
D:10:     layout_irregular_city, centaur_isle
D:11:     layout_small_grid, fedhas_altar_2
D:12:     layout_roguey [special_room_bee], uniq_gastronok
D:13:     layout_basic, lightli_vaults_fourway_checkpoint
D:14:     hangedman_what_comes_after_a, layout_basic, small_statue_intersection,
          ebering_ghost_inner_flame
Temple:   nicolae_temple_ecumenical_triangle
Lair:1:   layout_regular_city, chequers_serial_rivers_small_3, disabler_island,
          uniq_sonja
Lair:2:   layout_cave_pods, guppyfry_snake_entry_garden
Lair:3:   wad_woods_04, layout_layer_cave, minmay_swamp_entry_reptiles,
          chequers_serial_rivers_marsh
Lair:4:   layout_roguey, nicolae_slime_entry_slimehenge, basic_altar,
          portal_ice_cave_demonic_guard, uniq_nessos
Lair:5:   minmay_lair_end_enchanted_forest, layout_cave_pods,
          nicolae_volcano_entry_two_sided, grunt_megastairs_4, lemuel_fruit_tree

Skill      XL: |  1  2  3  4  5  6  7  8  9 10 11 12 13 14 15 |
---------------+----------------------------------------------+-----
Ranged Weapons | 5 6 7 8 10 12 13 15 16 17 18 | 18.5
Fighting       | 3 4 5 6 8 10 11 13 15 16 | 16.1
Armour         | 1 2 3 4 6 7 8 |  8.3
Dodging        | 2 3 4 5 6 |  6.9
Stealth        | 2 3 4 6 7 |  7.1

Action                     |  1- 3 |  4- 6 |  7- 9 | 10-12 | 13-15 || total
---------------------------+-------+-------+-------+-------+-------++-------
   Fire: Shortbow          |    70 |   185 |   463 |   748 |   525 ||  1991
         Longbow           |       |       |       |       |   556 ||   556
 Invoke: Call Merchant     |       |       |       |     1 |     2 ||     3
         Potion Petition   |       |       |       |     2 |       ||     2
    Use: Potion            |       |     1 |     4 |     3 |     6 ||    14
         Scroll            |       |     3 |     3 |    19 |    13 ||    38
 Armour: Leather armour    |    17 |    51 |   181 |   233 |   215 ||   697
         Scale mail        |       |       |       |       |    52 ||    52
  Dodge: Dodged            |    13 |    73 |   226 |   262 |   341 ||   915
